Map: Ulrena

Players

capac

  • Race: Terran Terran
  • League: Gold

IIIIIIIIIIII - Winner!

  • Race: Protoss Protoss
  • League: Gold

VOD

Have the link to the VOD?

Description

Time

  • Played on: April 30, 2016, 11:02 a.m.
  • Length: 8:45
Show
View Real Time Build Order
Export as new Build Order

capac Terran 

Build Orders: Reaper Expand 

Get SALT Encoding   

  12  0:01  SCV  
  13  0:14  SCV  
  14  0:18  Supply Depot  
  14  0:26  SCV  
  15  0:39  SCV  
  15  0:41  Barracks  
  16  0:45  Refinery  
  16  0:51  SCV  
  17  1:03  SCV  
  19  1:30  Orbital Command  
  19  1:32  Reaper  
  19  1:41  Command Center  
  19  1:48  Supply Depot  
  19  1:56  SCV  
  20  2:03  Marine  
  21  2:10  SCV  
  21  2:15  Factory  
  22  2:23  SCV  
  23  2:30  Barracks Reactor  
  23  2:35  SCV  
  23  2:45  Barracks  
  23  2:47  Refinery, SCV  
  24  2:55  Bunker  
  24  3:00  Factory Tech Lab  
  24  3:07  Marine x2  
  24  3:08  Barracks  
  24  3:09  Orbital Command  
  26  3:19  SCV  
  27  3:24  Marine  
  27  3:26  Marine  
  29  3:35  Starport  
  29  3:38  SCV  
  29  3:40  Barracks Reactor  
  30  3:47  SCV  
  31  3:50  SCV  
  32  3:55  Marine  
  32  3:56  Marine  
  32  4:01  SCV  
  32  4:02  SCV  
  36  4:06  Supply Depot  
  37  4:14  Barracks Reactor  
  36  4:17  Starport Reactor  
  36  4:19  Siege Tank  
  36  4:22  Engineering Bay  
  39  4:27  SCV x2  
  39  4:30  Supply Depot  
  41  4:39  SCV  
  41  4:40  SCV  
  41  4:43  Marine x4  
  47  4:51  SCV  
  47  4:52  SCV  
  48  4:54  Bunker  
  28  5:24  SCV  
  28  5:25  Marine x3, SCV  
  28  5:26  Marine x3  
  31  5:33  Siege Tank  
  34  5:36  SCV  
  34  5:37  SCV  
  36  5:43  Marine  
  34  5:58  Marine x4  
  34  6:01  Marine  
  38  6:10  SCV x2  
  39  6:16  Marine x4  
  37  6:22  SCV x2  
  31  6:38  Marine x2, SCV x2  
  31  6:39  Marine x3  
  33  6:50  SCV  
  33  6:51  Medivac  
  33  6:56  Marine x2  
  32  7:08  Marine x2  
  32  7:09  Marine  
  32  7:14  SCV x2  
  32  7:15  Bunker  
  36  7:24  Siege Tank  
  33  7:38  Marine x5  
  33  7:56  Marine x4  
Show
View Real Time Build Order
Export as new Build Order

IIIIIIIIIIII Protoss - Winner!

Build Orders:  

Get SALT Encoding   

  12  0:03  Probe (Chrono Boost)  
  13  0:13  Probe (Chrono Boost)  
  14  0:19  Pylon  
  14  0:24  Probe (Chrono Boost)  
  15  0:37  Probe (Chrono Boost)  
  15  0:41  Gateway  
  16  0:48  Probe (Chrono Boost)  
  17  0:59  Probe (Chrono Boost)  
  18  1:09  Probe (Chrono Boost)  
  18  1:11  Assimilator  
  19  1:12  Assimilator  
  18  1:21  Probe (Chrono Boost)  
  19  1:25  Pylon  
  19  1:29  Cybernetics Core  
  19  1:31  Probe (Chrono Boost)  
  20  1:42  Probe (Chrono Boost)  
  21  1:53  Probe (Chrono Boost)  
  22  2:06  Warp Gate  
  22  2:07  Stalker (Chrono Boost)  
  24  2:14  Mothership Core  
  26  2:18  Pylon  
  26  2:21  Pylon  
  26  2:34  Stalker (Chrono Boost)  
  27  2:46  Probe  
  28  2:53  Robotics Facility  
  28  3:00  Stalker (Chrono Boost)  
  30  3:09  Gateway  
  30  3:10  Gateway  
  30  3:26  Stalker (Chrono Boost)  
  32  3:40  Immortal (Chrono Boost)  
  36  4:10  Stalker x2  
  44  4:17  Immortal (Chrono Boost)  
  44  4:51  Observer (Chrono Boost)  
  35  5:35  Stalker x3  
  41  5:38  Immortal (Chrono Boost)  
  43  5:53  Nexus  
  33  6:53  Stalker x3  
  37  7:02  Gateway  
  37  7:03  Gateway  
  37  7:04  Pylon  
  37  7:05  Immortal (Chrono Boost), Pylon  
  37  7:07  Pylon  
  37  7:16  Pylon  
  37  7:18  Probe  
  37  7:20  Probe  
  39  7:29  Probe  
  39  7:32  Probe  
  39  7:39  Probe, Warp Prism (Chrono Boost)  
  39  7:44  Probe  
  43  7:50  Probe  
  44  8:04  Stalker  
  44  8:05  Stalker x2  
  48  8:16  Twilight Council  
Tags
 
Add a new tag
Caveats
  • Supply blocks, unpowered buildings, or Contaminate may cause inaccurate times.
  • Supply counts are checked every 10 seconds.